 Dungeon Crawl Stone Soup version 0.29.0-4-gdea44cf6ec (webtiles) character file.

Game seed: 6812322716289622855

1730 qw the Grappler (level 8, -7/78 HPs)
             Began as a Troll Cinder Acolyte on Sept 2, 2022.
             Was a Priest of Ignis.
             Mangled by a sixfirhy (12 damage)
             ... summoned by a kobold demonologist
             ... on level 9 of the Dungeon.
             The game lasted 00:04:04 (5144 turns).

qw the Grappler (Troll Cinder Acolyte)              Turns: 5144, Time: 00:04:04

Health: -7/78      AC: 14    Str: 25    XL:     8   Next: 76%
Magic:  8/8        EV:  9    Int: 10    God:    Ignis [***...]
Gold:   320        SH:  0    Dex:  5    Spells: 9/9 levels left

rFire   + . .      SeeInvis +     - Unarmed
rCold   . . .      Faith    .   (no shield)
rNeg    . . .      Spirit   .   a - +0 robe
rPois   .          Reflect  .   (helmet restricted)
rElec   .          Harm     .   e - +2 cloak
rCorr   +          Rampage  .   (gloves unavailable)
Will    .....                   (boots unavailable)
Stlth   +.........              (no amulet)
HPRegen 1.03/turn               d - ring of see invisible
MPRegen 0.11/turn               j - ring of resist corrosion

@: about to teleport, fiery-armoured
A: large, unfitting armour, claws 3, regeneration 1, shaggy fur 1, tough skin 1
a: Renounce Religion, Fiery Armour, Foxfire Swarm, Rising Flame


You were on level 9 of the Dungeon.
You worshipped Ignis.
Ignis was most pleased with you.
You visited 1 branch of the dungeon, and saw 7 of its levels.
You also visited: Sewer.

You collected 320 gold pieces.


Innate Abilities, Weirdness & Mutations

You are too large for most types of armour.
You have claws for hands.
Your natural rate of healing is unusually fast.
You are covered in fur. (AC +1)
You have tough skin. (AC +1)


   Skills:
 - Level 4.0 Fighting
 - Level 3.1 Throwing
 - Level 1.2 Dodging
 + Level 10.2 Unarmed Combat
 - Level 1.0 Spellcasting
 - Level 2.1 Fire Magic


You had 9 spell levels left.
You didn't know any spells.
Your spell library contained the following spells:

 Spells                   Type           Power      Damage    Failure   Level
 Scorch                   Fire           8%         2d5       22%         2

Inventory:

Missiles
 h - 4 large rocks (quivered)
Armour
 a - a +0 robe (worn)
 e - a +2 cloak (worn)
Jewellery
 d - a ring of see invisible (left claw)
 j - a ring of resist corrosion (right claw)
 l - a ring of wizardry
Scrolls
 c - 7 scrolls of identify
 f - a scroll of teleportation
Potions
 b - 4 potions of haste
 g - 6 potions of curing
 i - a potion of resistance
 k - 2 potions of heal wounds

Dungeon Overview and Level Annotations

Branches:
Dungeon (6/15)              Sewer (visited)
 Temple: D:4-7

Altars:
Ashenzari
Gozag
Hepliaklqana
Qazlal
Uskayaw


Message History

The kobold demonologist is heavily wounded.
You closely miss the kobold demonologist.
The kobold demonologist is heavily wounded.
The smoke demon barely misses you. x2
The smoke demon hits you but does no damage.
The smoke demon resists.
The smoke demon is burned by your cloak of flames.
The smoke demon is lightly wounded.
The kobold demonologist hits you but does no damage.
The kobold demonologist is burned by your cloak of flames.
The kobold demonologist is severely wounded.
You barely miss the kobold demonologist.
The kobold demonologist is severely wounded.
The sixfirhy misses you. The sixfirhy hits you! The sixfirhy shocks you!
The sixfirhy is burned by your cloak of flames.
The sixfirhy is lightly wounded.
The smoke demon hits you.
The smoke demon hits you but does no damage.
The smoke demon hits you.
The smoke demon resists.
The smoke demon is burned by your cloak of flames.
The smoke demon is lightly wounded.
The sixfirhy misses you.
5144 ||| READING 2 scrolls of teleportation.
As you read the scroll of teleportation, it crumbles to dust.
You feel strangely unstable.
The sixfirhy hits you but does no damage.
The sixfirhy is burned by your cloak of flames.
The sixfirhy is lightly wounded.
The sixfirhy hits you but does no damage.
The sixfirhy is burned by your cloak of flames.
The sixfirhy is moderately wounded.
The sixfirhy hits you but does no damage.
The sixfirhy is burned by your cloak of flames.
The sixfirhy is heavily wounded.
The kobold demonologist hits you but does no damage.
The kobold demonologist is burned by your cloak of flames.
The kobold demonologist is severely wounded.
The smoke demon gestures at you. Something smites you! The sixfirhy hits you.
The sixfirhy shocks you!
You die...

#########
.........# ..
.........######...B
.........##K4K'.KKK
.........##K#
.........3@3#
.........####
.........#
......)<.#
#######'## ###..#
#...## ####.###
#.....#


You could see a kobold demonologist (empowered), a sixfirhy (summoned), a smoke
demon (summoned), a chaos spawn (summoned), a kobold brigand and a kobold.

Vanquished Creatures
  A wraith (D:9)
  An ice beast (D:5)
  2 black bears (D:5)
  An ogre (D:5)
  Blork the orc (D:4)
  A necrophage (D:3)
  A scorpion (D:5)
  4 killer bees (D:9)
  4 howler monkeys
  A jelly (D:5)
  2 hounds
  A gnoll bouda (D:3)
  3 iguanas (D:5)
  Natasha (thrice) (D:4)
  Terence (D:3)
  Robin (D:2)
  11 gnolls
  4 river rats (Sewer)
  12 adders
  2 white imps (D:5)
  An ufetubus (D:6)
  4 dart slugs
  11 orcs
  11 ball pythons
  5 endoplasms
  5 giant cockroaches
  16 goblins
  7 hobgoblins
  7 jackals
  8 kobolds
  5 quokkas
  7 bats
  7 frilled lizards
  13 rats
164 creatures vanquished.

Vanquished Creatures (others)
  7 plants (Sewer)
7 creatures vanquished.

Grand Total: 171 creatures vanquished

Notes
Turn   | Place    | Note
-------+----------+-------------------------------------------
     0 | D:1      | qw the Troll Cinder Acolyte began the quest for the Orb.
     0 | D:1      | Reached XP level 1. HP: 22/22 MP: 1/1
     0 | D:1      | 0 ||| qw: Version: 0.1-a-97-g2dd2ca4
     0 | D:1      | 0 ||| qw: Game counter: 4943
     0 | D:1      | 0 ||| qw: Always use a shield: true
     0 | D:1      | 0 ||| qw: God list: Okawaru
     0 | D:1      | 0 ||| qw: Allow faded altars: false
     0 | D:1      | 0 ||| qw: Do Orc after D:15 true
     0 | D:1      | 0 ||| qw: Do second Lair branch before Depths: true
     0 | D:1      | 0 ||| qw: Lair rune preference: random
     0 | D:1      | 0 ||| qw: Plans: Normal
     0 | D:1      | 0 ||| PLANNING D:1-11
    67 | D:1      | Reached XP level 2. HP: 29/29 MP: 2/2
   239 | D:1      | Reached skill level 4 in Unarmed Combat
   457 | D:1      | Reached XP level 3. HP: 36/36 MP: 3/3
   684 | D:1      | 684 ||| Stepping ~*~*~tactically~*~*~ (hiding).
  1024 | D:1      | 1024 ||| UPGRADING to +0 cloak.
  1029 | D:1      | 1029 ||| UPGRADING to ring of see invisible.
  1030 | D:1      | 1030 ||| READING scroll labelled ARGHUI MIELORU.
  1031 | D:1      | 1031 ||| READING scroll labelled GECKYERHUL.
  1032 | D:1      | 1032 ||| DRINKING 2 red potions.
  1214 | D:2      | 1214 ||| INVOKING Fiery Armour.
  1217 | D:2      | 1217 ||| Stepping ~*~*~tactically~*~*~ (outnumbered).
  1217 | D:2      | Noticed Robin
  1219 | D:2      | 1219 ||| Stepping ~*~*~tactically~*~*~ (hiding).
  1226 | D:2      | Killed Robin
  1227 | D:2      | Reached XP level 4. HP: 44/44 MP: 4/4
  1230 | D:2      | 1230 ||| Stepping ~*~*~tactically~*~*~ (outnumbered).
  1232 | D:2      | 1232 ||| Stepping ~*~*~tactically~*~*~ (outnumbered).
  1236 | D:2      | Reached skill level 5 in Unarmed Combat
  1732 | D:2      | 1732 ||| READING scroll labelled BOKIDE ENIG.
  1733 | D:2      | 1733 ||| READING scroll labelled DEFIETO VEQOPO.
  1734 | D:2      | 1734 ||| DRINKING 2 glowing blue potions.
  1735 | D:2      | 1735 ||| READING 2 scrolls of identify.
  1735 | D:2      | 1735 ||| IDENTIFYING inky potion
  1736 | D:2      | 1736 ||| DROPPING potion of brilliance.
  1751 | D:3      | 1751 ||| PLANNING SEWER
  1925 | D:3      | Found a glowing drain.
  1926 | D:3      | 1926 ||| READING scroll labelled HOWKUYDD PYSCHUSTI.
  1956 | Sewer    | Entered a sewer
  2087 | Sewer    | Reached XP level 5. HP: 50/50 MP: 5/5
  2111 | Sewer    | 2111 ||| Stepping ~*~*~tactically~*~*~ (stealth).
  2120 | Sewer    | Reached skill level 6 in Unarmed Combat
  2255 | Sewer    | 2255 ||| READING scroll of enchant armour.
  2255 | Sewer    | 2255 ||| ENCHANTING +0 cloak.
  2501 | Sewer    | 2501 ||| DRINKING 2 metallic silvery potions.
  2502 | Sewer    | 2502 ||| DRINKING 2 bubbling grey potions.
  2503 | Sewer    | 2503 ||| DRINKING 3 fizzy purple potions.
  2504 | Sewer    | 2504 ||| DROPPING potion of invisibility.
  2509 | D:3      | 2509 ||| PLANNING D:1-11
  2551 | D:3      | 2551 ||| INVOKING Fiery Armour.
  2556 | D:3      | 2556 ||| Stepping ~*~*~tactically~*~*~ (outnumbered).
  2557 | D:3      | 2557 ||| Stepping ~*~*~tactically~*~*~ (outnumbered).
  2612 | D:3      | Found a hazy altar of Hepliaklqana.
  2640 | D:3      | Reached XP level 6. HP: 59/59 MP: 6/6
  2678 | D:3      | Noticed Terence
  2691 | D:3      | Killed Terence
  2882 | D:3      | 2882 ||| Stepping ~*~*~tactically~*~*~ (outnumbered).
  2946 | D:3      | 2946 ||| Stepping ~*~*~tactically~*~*~ (stealth).
  2960 | D:3      | Reached skill level 7 in Unarmed Combat
  2962 | D:3      | 2962 ||| Stepping ~*~*~tactically~*~*~ (stealth).
  2964 | D:3      | 2964 ||| INVOKING Fiery Armour.
  2969 | D:3      | 2969 ||| Stepping ~*~*~tactically~*~*~ (hiding).
  3203 | D:3      | 3203 ||| READING scroll labelled BOIXTA GYUR.
  3253 | D:4      | 3253 ||| Stepping ~*~*~tactically~*~*~ (stealth).
  3254 | D:4      | 3254 ||| Stepping ~*~*~tactically~*~*~ (stealth).
  3255 | D:4      | 3255 ||| STAIRDANCE
  3286 | D:4      | 3286 ||| Stepping ~*~*~tactically~*~*~ (stealth).
  3305 | D:4      | Noticed Natasha
  3306 | D:4      | 3306 ||| Stepping randomly (stuck).
  3307 | D:4      | 3307 ||| Stepping randomly (stuck).
  3311 | D:4      | Noticed Blork the orc
  3312 | D:4      | 3312 ||| Stepping randomly (stuck).
  3313 | D:4      | 3313 ||| Stepping randomly (stuck).
  3314 | D:4      | 3314 ||| Stepping randomly (stuck).
  3316 | D:4      | 3316 ||| Stepping randomly (stuck).
  3318 | D:4      | 3318 ||| Stepping randomly (stuck).
  3319 | D:4      | 3319 ||| Stepping randomly (stuck).
  3321 | D:4      | 3321 ||| Stepping randomly (stuck).
  3322 | D:4      | 3322 ||| Stepping randomly (stuck).
  3323 | D:4      | 3323 ||| Stepping randomly (stuck).
  3325 | D:4      | 3325 ||| Stepping randomly (stuck).
  3326 | D:4      | 3326 ||| Stepping randomly (stuck).
  3327 | D:4      | 3327 ||| Stepping randomly (stuck).
  3328 | D:4      | 3328 ||| Stepping randomly (stuck).
  3329 | D:4      | 3329 ||| Stepping randomly (stuck).
  3330 | D:4      | 3330 ||| Stepping randomly (stuck).
  3331 | D:4      | 3331 ||| Stepping randomly (stuck).
  3332 | D:4      | 3332 ||| Stepping randomly (stuck).
  3334 | D:4      | 3334 ||| Stepping randomly (stuck).
  3336 | D:4      | 3336 ||| Stepping randomly (stuck).
  3337 | D:4      | 3337 ||| Stepping randomly (stuck).
  3338 | D:4      | 3338 ||| Stepping randomly (stuck).
  3340 | D:4      | 3340 ||| Stepping randomly (stuck).
  3341 | D:4      | 3341 ||| Stepping randomly (stuck).
  3342 | D:4      | 3342 ||| Stepping randomly (stuck).
  3344 | D:4      | 3344 ||| Stepping randomly (stuck).
  3345 | D:4      | Found an opulent altar of Gozag.
  3346 | D:4      | 3346 ||| Stepping randomly (stuck).
  3347 | D:4      | 3347 ||| Stepping randomly (stuck).
  3348 | D:4      | 3348 ||| Stepping randomly (stuck).
  3349 | D:4      | 3349 ||| Stepping randomly (stuck).
  3350 | D:4      | 3350 ||| Stepping randomly (stuck).
  3351 | D:4      | 3351 ||| Stepping randomly (stuck).
  3352 | D:4      | 3352 ||| Stepping randomly (stuck).
  3354 | D:4      | 3354 ||| Stepping randomly (stuck).
  3355 | D:4      | 3355 ||| Stepping randomly (stuck).
  3356 | D:4      | 3356 ||| Stepping randomly (stuck).
  3357 | D:4      | 3357 ||| Stepping randomly (stuck).
  3358 | D:4      | 3358 ||| Stepping randomly (stuck).
  3360 | D:4      | 3360 ||| Stepping randomly (stuck).
  3361 | D:4      | 3361 ||| Stepping randomly (stuck).
  3363 | D:4      | 3363 ||| Stepping randomly (stuck).
  3365 | D:4      | 3365 ||| Stepping randomly (stuck).
  3366 | D:4      | 3366 ||| Stepping randomly (stuck).
  3368 | D:4      | 3368 ||| Stepping randomly (stuck).
  3369 | D:4      | 3369 ||| Stepping randomly (stuck).
  3370 | D:4      | 3370 ||| Stepping randomly (stuck).
  3372 | D:4      | 3372 ||| Stepping randomly (stuck).
  3374 | D:4      | 3374 ||| Stepping randomly (stuck).
  3376 | D:4      | 3376 ||| Stepping randomly (stuck).
  3377 | D:4      | 3377 ||| Stepping randomly (stuck).
  3378 | D:4      | 3378 ||| Stepping randomly (stuck).
  3379 | D:4      | 3379 ||| Stepping randomly (stuck).
  3380 | D:4      | 3380 ||| Stepping randomly (stuck).
  3381 | D:4      | 3381 ||| Stepping randomly (stuck).
  3382 | D:4      | 3382 ||| Stepping randomly (stuck).
  3383 | D:4      | 3383 ||| Stepping randomly (stuck).
  3384 | D:4      | 3384 ||| Stepping randomly (stuck).
  3386 | D:4      | 3386 ||| Stepping randomly (stuck).
  3388 | D:4      | 3388 ||| Stepping randomly (stuck).
  3390 | D:4      | 3390 ||| Stepping randomly (stuck).
  3392 | D:4      | 3392 ||| Stepping randomly (stuck).
  3393 | D:4      | 3393 ||| Stepping randomly (stuck).
  3395 | D:4      | 3395 ||| Stepping randomly (stuck).
  3397 | D:4      | 3397 ||| Stepping randomly (stuck).
  3398 | D:4      | 3398 ||| Stepping randomly (stuck).
  3399 | D:4      | 3399 ||| Stepping randomly (stuck).
  3400 | D:4      | 3400 ||| Stepping randomly (stuck).
  3401 | D:4      | 3401 ||| Stepping randomly (stuck).
  3402 | D:4      | 3402 ||| Stepping ~*~*~tactically~*~*~ (stealth).
  3403 | D:4      | 3403 ||| Stepping ~*~*~tactically~*~*~ (stealth).
  3404 | D:4      | 3404 ||| Stepping ~*~*~tactically~*~*~ (stealth).
  3417 | D:4      | 3417 ||| Stepping randomly (stuck).
  3419 | D:4      | 3419 ||| Stepping randomly (stuck).
  3420 | D:4      | 3420 ||| Stepping randomly (stuck).
  3421 | D:4      | 3421 ||| Stepping randomly (stuck).
  3422 | D:4      | 3422 ||| Stepping randomly (stuck).
  3423 | D:4      | 3423 ||| Stepping randomly (stuck).
  3424 | D:4      | 3424 ||| Stepping randomly (stuck).
  3425 | D:4      | 3425 ||| Stepping randomly (stuck).
  3426 | D:4      | 3426 ||| Stepping randomly (stuck).
  3427 | D:4      | 3427 ||| Stepping randomly (stuck).
  3428 | D:4      | 3428 ||| Stepping randomly (stuck).
  3429 | D:4      | 3429 ||| Stepping randomly (stuck).
  3430 | D:4      | 3430 ||| Stepping randomly (stuck).
  3431 | D:4      | 3431 ||| Stepping randomly (stuck).
  3432 | D:4      | 3432 ||| Stepping randomly (stuck).
  3433 | D:4      | 3433 ||| Stepping randomly (stuck).
  3435 | D:4      | 3435 ||| Stepping randomly (stuck).
  3436 | D:4      | 3436 ||| Stepping randomly (stuck).
  3437 | D:4      | 3437 ||| Stepping randomly (stuck).
  3438 | D:4      | 3438 ||| Stepping randomly (stuck).
  3439 | D:4      | 3439 ||| Stepping randomly (stuck).
  3440 | D:4      | 3440 ||| Stepping randomly (stuck).
  3442 | D:4      | 3442 ||| Stepping randomly (stuck).
  3444 | D:4      | 3444 ||| Stepping randomly (stuck).
  3446 | D:4      | 3446 ||| Stepping randomly (stuck).
  3447 | D:4      | 3447 ||| Stepping randomly (stuck).
  3449 | D:4      | 3449 ||| Stepping randomly (stuck).
  3450 | D:4      | 3450 ||| Stepping randomly (stuck).
  3451 | D:4      | 3451 ||| Stepping randomly (stuck).
  3452 | D:4      | 3452 ||| Stepping randomly (stuck).
  3554 | D:4      | 3554 ||| INVOKING Fiery Armour.
  3556 | D:4      | 3556 ||| Stepping ~*~*~tactically~*~*~ (outnumbered).
  3557 | D:4      | 3557 ||| Stepping ~*~*~tactically~*~*~ (outnumbered).
  3558 | D:4      | 3558 ||| Stepping ~*~*~tactically~*~*~ (outnumbered).
  3559 | D:4      | 3559 ||| Stepping ~*~*~tactically~*~*~ (outnumbered).
  3565 | D:4      | 3565 ||| Stepping ~*~*~tactically~*~*~ (outnumbered).
  3568 | D:4      | Reached skill level 8 in Unarmed Combat
  3570 | D:4      | Reached XP level 7. HP: 66/66 MP: 7/7
  3618 | D:4      | 3618 ||| DRINKING 2 bubbling cyan potions.
  3619 | D:4      | 3619 ||| READING 2 scrolls of identify.
  3619 | D:4      | 3619 ||| IDENTIFYING puce potion
  3620 | D:4      | 3620 ||| DROPPING potion of attraction.
  3637 | D:4      | Killed Natasha
  3761 | D:4      | 3761 ||| Stepping ~*~*~tactically~*~*~ (hiding).
  3762 | D:4      | 3762 ||| Stepping ~*~*~tactically~*~*~ (hiding).
  3766 | D:4      | Killed Blork the orc
  3767 | D:4      | Reached skill level 3 in Fighting
  3798 | D:4      | Noticed Natasha
  3807 | D:4      | Killed Natasha
  3847 | D:4      | 3847 ||| Stepping ~*~*~tactically~*~*~ (stealth).
  3860 | D:4      | 3860 ||| Stepping ~*~*~tactically~*~*~ (stealth).
  3862 | D:4      | 3862 ||| Stepping ~*~*~tactically~*~*~ (stealth).
  3895 | D:4      | 3895 ||| Stepping ~*~*~tactically~*~*~ (hiding).
  3913 | D:4      | Found a stormy altar of Qazlal.
  3962 | D:4      | Noticed Natasha
  3968 | D:4      | Killed Natasha
  4030 | D:4      | 4030 ||| DROPPING potion of flight.
  4036 | D:5      | Entered Level 5 of the Dungeon
  4142 | D:5      | Reached skill level 9 in Unarmed Combat
  4202 | D:5      | Reached skill level 1 in Dodging
  4324 | D:5      | 4324 ||| Stepping ~*~*~tactically~*~*~ (hiding).
  4325 | D:5      | 4325 ||| Stepping ~*~*~tactically~*~*~ (hiding).
  4369 | D:5      | Reached XP level 8. HP: 75/75 MP: 8/8
  4409 | D:5      | Found a hide-covered altar of Uskayaw.
  4410 | D:5      | Identified the +10 hand axe of Sunlight {vorpal, Contam
                  | rC+++ rN+ Int+2}
  4418 | D:5      | 4418 ||| FLEEEEING.
  4419 | D:5      | 4419 ||| FLEEEEING.
  4420 | D:5      | 4420 ||| FLEEEEING.
  4432 | D:5      | 4432 ||| INVOKING Fiery Armour.
  4602 | D:5      | Reached skill level 10 in Unarmed Combat
  4757 | D:5      | 4757 ||| UPGRADING to ring of resist corrosion.
  4758 | D:5      | 4758 ||| READING 5 scrolls of identify.
  4758 | D:5      | 4758 ||| IDENTIFYING dark potion
  4759 | D:5      | 4759 ||| DROPPING potion of magic.
  4839 | D:6      | You fall into a shaft and drop 3 floors!
  4865 | D:9      | Found a broken altar of Ashenzari.
  4889 | D:9      | 4889 ||| Stepping ~*~*~tactically~*~*~ (stealth).
  4892 | D:9      | Reached skill level 1 in Throwing
  4985 | D:9      | 4985 ||| Stepping ~*~*~tactically~*~*~ (stealth).
  5000 | D:9      | Reached skill level 3 in Throwing
  5001 | D:9      | 5001 ||| INVOKING Fiery Armour.
  5084 | D:9      | 5084 ||| READING scroll of enchant armour.
  5084 | D:9      | 5084 ||| ENCHANTING +1 cloak.
  5133 | D:9      | Noticed a kobold demonologist
  5133 | D:9      | Noticed a boulder beetle
  5134 | D:9      | 5134 ||| Stepping ~*~*~tactically~*~*~ (stealth).
  5139 | D:9      | Noticed a sixfirhy
  5139 | D:9      | Noticed a smoke demon
  5140 | D:9      | 5140 ||| INVOKING Fiery Armour.
  5143 | D:9      | HP: 19/78 [smoke demon[a kobold demonologist] (1)]
  5144 | D:9      | 5144 ||| READING 2 scrolls of teleportation.
  5144 | D:9      | HP: 7/78 [smoke demon/divine providence[a kobold
                  | demonologist] (10)]
  5144 | D:9      | Mangled by a sixfirhy

Levels and vault maps discovered:
D:1:      matt_arrival_diagonals, layout_loops_corners, st_stairs_9,
          minmay_rat_gold_closets
D:2:      layout_basic, chequers_serial_rivers_marsh, uniq_robin
D:3:      layout_loops_ring, lemuel_doored_altar, portal_sewer_entry_d,
          minmay_quantized, uniq_terence
D:4:      layout_basic, amcnicky_altar_gilded, general_overflow_altar,
          kennysheep_big_empty_room, uniq_blork_the_orc, uniq_natasha
D:5:      layout_loops_ring, eat_drink_and_be_merry_uskayaw,
          kennysheep_generic_room_14
D:6:      nicolae_cairo_tiling_large, layout_gridville,
          kennysheep_okawaru_gauntlet, serial_shops, shop,
          minmay_misc_feat_four_crosses
D:9:      layout_roguey, old_standard_altar, led_sif_pool, uniq_joseph,
          uniq_psyche

Skill      XL: |  1  2  3  4  5  6  7  8 |
---------------+-------------------------+-----
Unarmed Combat | 4 5 6 8 9 10 | 10.2
Fighting       | 3 4 |  4.0
Dodging        | 1 |  1.2
Throwing       | 3 |  3.1
Spellcasting   | |  1.0
Fire Magic     | |  2.1

Action                   |  1- 3 |  4- 6 |  7- 9 || total
-------------------------+-------+-------+-------++-------
Melee: Unarmed           |    99 |   185 |   154 ||   438
       Punch             |     1 |     4 |     5 ||    10
Throw: Large rock        |       |       |     2 ||     2
Invok: Fiery Armour      |     1 |     3 |     3 ||     7
  Use: Scroll            |     2 |     6 |     4 ||    12
       Potion            |     1 |     4 |     1 ||     6
Armor: Robe              |    27 |    49 |    47 ||   123
       Skin              |       |       |     1 ||     1
Dodge: Dodged            |    28 |    53 |    64 ||   145

Table legend:
 A = Non-vault XP
 B = Vault XP
 C = Vault XP percentage of total XP
 D = Non-vault monster count
 E = Vault monster count
 F = Vault count percentage of total count
                 A         B        C        D         E       F
            +---------+---------+-------+---------+---------+-------
      Total |    2030 |     442 |  17.9 |     109 |      55 |  33.5
            +---------+---------+-------+---------+---------+-------
        D:1 |      53 |      12 |  18.5 |      25 |      10 |  28.6
        D:2 |      19 |      34 |  64.2 |      11 |      11 |  50.0
        D:3 |     273 |      51 |  15.7 |      26 |       5 |  16.1
        D:4 |     290 |     125 |  30.1 |      23 |       2 |   8.0
        D:5 |     757 |      80 |   9.6 |      15 |       1 |   6.2
        D:6 |       8 |       0 |   0.0 |       1 |       0 |   0.0
        D:9 |     630 |       0 |   0.0 |       8 |       0 |   0.0
      Sewer |       0 |     140 | 100.0 |       0 |      26 | 100.0
            +---------+---------+-------+---------+---------+-------
